 Dungeon Crawl Stone Soup version 0.21.1-1-g345015f (webtiles) character file.

788 Supreme the Digger (level 7, -4/38 HPs)
             Began as a Gargoyle Earth Elementalist on Apr 14, 2018.
             Was a Believer of Vehumet.
             Slain by an ice beast (11 damage)
             ... on level 5 of the Dungeon.
             The game lasted 00:41:39 (3570 turns).

Supreme the Digger (Gargoyle Earth Elementalist)    Turns: 3570, Time: 00:41:39

Health: -4/38      AC:  7    Str: 11    XL:     7   Next: 87%
Magic:  11/13      EV: 12    Int: 18    God:    Vehumet [**....]
Gold:   153        SH:  0    Dex: 10    Spells: 3/14 levels left

rFire    . . .     SeeInvis .   z - +0 flail
rCold    . . .     Gourm    +   (no shield)
rNeg     + . .     Faith    .   c - +0 robe
rPois    ∞         Spirit   .   (no helmet)
rElec    +         Reflect  .   (no cloak)
rCorr    .         Harm     .   H - +0 pair of gloves
MR       .....                  (no boots)
Stlth    ++........             o - amulet of the gourmand
HPRegen  0.12/turn              (no ring)
MPRegen  0.13/turn              (no ring)

@: no status effects
A: negative energy resistance 1, electricity resistance, unbreathing,
petrification resistance, rot immunity, AC +4
a: Renounce Religion


You were on level 5 of the Dungeon.
You worshipped Vehumet.
Vehumet was pleased with you.
You were completely stuffed.

You visited 2 branches of the dungeon, and saw 6 of its levels.
You also visited: Sewer.

You collected 153 gold pieces.

Inventory:

Hand Weapons
 z - a +0 flail (weapon)
 G - a +0 blowgun
 N - a +3 dagger
Missiles
 b - 66 stones (quivered)
 F - 34 poisoned needles
Armour
 c - a +0 robe (worn)
 H - a +0 pair of gloves (worn)
Jewellery
 o - an amulet of the gourmand (around neck)
 w - an uncursed amulet of regeneration
Wands
 e - a wand of paralysis (15)
 k - a wand of digging (7)
Scrolls
 f - 6 scrolls of remove curse
 i - 2 scrolls of enchant armour {unknown}
 p - a scroll of blinking {unknown}
 r - 4 scrolls of amnesia {unknown}
 t - a scroll of fog {unknown}
 u - 3 scrolls of teleportation {unknown}
 L - a scroll of fear {unknown}
 M - a scroll of magic mapping {unknown}
Potions
 g - 2 potions of agility {unknown}
 j - 4 potions of heal wounds {unknown}
 l - 6 potions of flight
 m - 9 potions of curing
 n - a potion of haste {unknown}
 q - a potion of berserk rage {unknown}
 v - 2 potions of brilliance {unknown}
 O - a potion of might {unknown}
Comestibles
 d - 5 rations


   Skills:
 + Level 1.4 Fighting
 + Level 2.1 Maces & Flails
 + Level 2.1 Dodging
 + Level 3.3 Stealth
 + Level 4.4 Spellcasting
 + Level 0.5 Conjurations
 + Level 1.1 Transmutations
 * Level 7.7 Earth Magic


You had 3 spell levels left.
You knew the following spells:

 Your Spells              Type           Power        Failure   Level  Hunger
a - Sandblast             Erth           ####..       1%          1    None
b - Passwall              Tmut/Erth      ###.......   3%          2    #......
c - Stone Arrow           Conj/Erth      ###...       8%          3    ###....
d - Lee's Rapid Deconstr  Erth           ####......   16%         5    ######.


Dungeon Overview and Level Annotations

Branches:
Dungeon (5/15)             Temple (1/1) D:4

Altars:
Ashenzari
Cheibriados
Dithmenos
Elyvilon
Fedhas
Gozag
Hepliaklqana
Kikubaaqudgha
Makhleb
Nemelex Xobeh
Okawaru
Qazlal
Ru
Sif Muna
Trog
Uskayaw
Vehumet
Wu Jian
Xom
Yredelemnul
Zin


Innate Abilities, Weirdness & Mutations

You are resistant to torment.
Your stone body is resilient. (AC +4)
You are immune to poison.
You resist negative energy. (rN+)
You are resistant to electric shocks. (rElec)
You can survive without breathing.
You are immune to petrification.
You are immune to rotting.


Message History

You can't go down here!
Casting: Sandblast
Confirm with . or Enter, or press ? or * to list all spells.
Which direction?
The orc shouts!
The adder bites you but does no damage. The ice beast misses you.
The adder barely misses you.
You begin to meditate on the wall.
You continue meditating on the rock.
The orc priest mumbles some strange prayers to Beogh against you.
Beogh smites you! The ice beast hits you. The ice beast freezes you!
* * * LOW HITPOINT WARNING * * *
The adder closely misses you.
You continue meditating on the rock.
The ice beast hits you but does no damage.
The adder closely misses you.
You continue meditating on the rock.
The adder bites you but does no damage. The ice beast hits you.
* * * LOW HITPOINT WARNING * * *
The ice beast freezes you!
You die...

.....................#
......##....#####.##.#
..$..).####.....#.....
....#.#####.........#
#≈.)..##.##...#...
#≈≈≈o.##.####.....
#o≈o...#.# ####..
#SY≈≈....# ###
#@≈≈≈..### ######
######.# ....... ...#
....... ..#... .......
##. ### ....... #.
..#..## #. ..... ##
..... .. ...


You could see an ice beast, an orc priest, an adder and 2 orcs.

Vanquished Creatures
  Sigmund (D:4)
  An ogre (D:2)
  A scorpion (D:4)
  A crimson imp (D:2)
  A hound (D:5)
  A centaur skeleton (D:4)
  An orc priest (D:4)
  An orc wizard (D:3)
  A worker ant (D:5)
  A hound skeleton (D:4)
  3 gnolls (D:3)
  9 adders
  10 river rats
  3 oozes
  3 worms
  2 dart slugs
  2 leopard geckos (D:1)
  6 orcs
  3 bats
  8 giant cockroaches
  5 hobgoblins
  3 quokkas
  5 ball pythons
  5 frilled lizards
  9 goblins
  21 kobolds
  24 rats
131 creatures vanquished.

Notes
Turn   | Place    | Note
-------+----------+-------------------------------------------
     0 | D:1      | Supreme the Gargoyle Earth Elementalist began the quest for the Orb.
     0 | D:1      | Reached XP level 1. HP: 10/10 MP: 3/3
    56 | D:1      | Reached skill level 4 in Earth Magic
    56 | D:1      | Reached XP level 2. HP: 14/15 MP: 1/5
    60 | D:1      | Learned a level 2 spell: Passwall
   706 | D:1      | Reached XP level 3. HP: 19/19 MP: 6/6
   711 | D:1      | Learned a level 3 spell: Stone Arrow
  1085 | D:2      | Reached skill level 5 in Earth Magic
  1085 | D:2      | Reached XP level 4. HP: 22/24 MP: 0/7
  1114 | D:2      | Reached skill level 1 in Transmutations
  1592 | D:2      | Noticed an ogre
  1959 | D:3      | Reached XP level 5. HP: 25/28 MP: 1/9
  2332 | D:2      | Killed an ogre
  2332 | D:2      | Reached skill level 1 in Maces & Flails
  2332 | D:2      | Reached skill level 6 in Earth Magic
  2332 | D:2      | Reached XP level 6. HP: 33/33 MP: 0/11
  2428 | D:4      | Reached skill level 1 in Fighting
  2521 | D:4      | Found a staircase to the Ecumenical Temple.
  2527 | Temple   | Entered the Ecumenical Temple
  2578 | Temple   | Became a worshipper of Vehumet
  2615 | D:4      | Noticed Sigmund
  2652 | Temple   | Learned a level 5 spell: Lee's Rapid Deconstruction
  2663 | D:4      | Killed Sigmund
  2663 | D:4      | Reached XP level 7. HP: 16/38 MP: 1/13
  2679 | D:5      | Entered Level 5 of the Dungeon
  2681 | D:5      | Reached skill level 7 in Earth Magic
  2825 | D:5      | Found a glowing drain.
  2854 | Sewer    | Entered a sewer
  2908 | Sewer    | Reached * piety under Vehumet
  2908 | Sewer    | Offered knowledge of Shock by Vehumet.
  3207 | Sewer    | Reached ** piety under Vehumet
  3279 | Sewer    | Offered knowledge of Searing Ray by Vehumet.
  3570 | D:5      | Slain by an ice beast

Skill      XL: |  1  2  3  4  5  6  7 |
---------------+----------------------+-----
Earth Magic    | 4 5 6 7 |  7.7
Stealth        | 3 |  3.3
Transmutations | 1 |  1.1
Spellcasting   | 3 4 |  4.4
Maces & Flails | 1 2 |  2.1
Fighting       | 1 |  1.4
Dodging        | 2 |  2.1
Conjurations   | |  0.5

Action                   |  1- 3 |  4- 6 |  7- 9 || total
-------------------------+-------+-------+-------++-------
Melee: Unarmed           |     6 |       |       ||     6
       Dagger            |    65 |     2 |       ||    67
       Whip              |       |    45 |       ||    45
       Flail             |       |    45 |    74 ||   119
 Cast: Sandblast         |    26 |    41 |    52 ||   119
       Passwall          |     3 |       |     1 ||     4
       Stone Arrow       |       |     4 |     1 ||     5
       Lee's Rapid Decon |       |     1 |     2 ||     3
  Use: Scroll            |       |     6 |       ||     6
 Stab: Sleeping          |     6 |     2 |     1 ||     9
  Eat: Chunk             |    10 |     6 |     8 ||    24
Armor: Robe              |    20 |    42 |    44 ||   106
Dodge: Dodged            |    47 |    71 |    82 ||   200
